AoeStats
← marc10der

Fortress

510280512Analyzed
1v1 RM · 1d ago on Sep 30, 2026· 26m 14s· 2 players
Game mode
Random Map
Map size
Small (3 player)
Population
200
Speed
Normal
Resources
Standard
Victory
Conquest
Starting age
Dark Age
Ending age
Imperial Age
RankedLock teamsTeams togetherTeam positionsShared explorationLock speedFull tech treeHidden civsTurbo modeCheats
Victory
Defeat
🇨🇭 Japanese · Switzerland
793
+14
🇦🇺 Gurjaras · Australia
754
-17
BaconPancake94
8:14 Feudal Age
9:58 Wheelbarrow
9:06 Horse Collar
9:15 Double-Bit Axe
14:27 Castle Age
13:24 Fletching
13:35 Padded Archer Armor
20:04 Heavy Plow
20:49 Loom
marc10der
1:10 Loom
7:59 Feudal Age
13:35 Castle Age
12:26 Horse Collar
12:35 Double-Bit Axe
12:43 Gold Mining
23:12 Imperial Age
21:16 Bow Saw
25:39 Heavy Plow
Connection lost

Rejoining the realm…

Still unreachable

The connection could not be restored.

Session expired

The server has moved on; the page needs a fresh start.